cohdb
Replays
Latest Replays
All Replays
Popular Replays
Top Player Replays
Match Explorer
How It Works
Community
CoH3 Stats
Reddit
Sign in to upload your games and track your stats! →
Sign in with Steam
Match 45699325
Unlisted
Match 45699325
Overview
Messages
Build Orders
End
Engineer Squad
Construct Weapon Support Center
Selects Advanced Infantry Battlegroup
M1919 Machine Gun Team
Construct Barracks
Bazooka Squad
M1 Mortar Team
Construct Medical Station
Selects Convert to Ranger Squad
Selects Artillery Observers
Riflemen Squad
Infantry Support Center
Convert to Ranger Squad
Survival Training
Selects Designate Assault Position
Advanced Logistics
Riflemen Squad
Grenade Package
Selects Infantry Assault
Infantry Assault
Convert to Ranger Squad
Construct Motor Pool
Selects M2A1 105mm Howitzer Emplacement
Engineer Squad
M1918 Browning Automatic Rifles
Improved M9 Bazooka Rockets
Infantry Assault
Selects Free Fire Drills
Infantry Assault
Captain Retinue
Construct Tank Depot
Ranger Squad
Bazooka Squad
M1 Anti-tank Gun Team
Riflemen Squad
DIVARTY
Shasy
Andrei
TeamSpeakUser
LITTLE TRICKSTER
Da Cracka Whacka
0
0
Comments
sign in to comment!
No comments posted yet!